Map: Ever Dream LE

Players

OgolCromgog

  • Race: Zerg Zerg
  • League: Master
  • Spawn Location: 1:00

zuka - Winner!

  • Race: Protoss Protoss
  • League: Master
  • Spawn Location: 7:00

VOD

Have the link to the VOD?

Description

Time

  • Played on: Aug. 28, 2020, 2:57 p.m.
  • Length: 6:43
Show
View Real Time Build Order
Export as new Build Order

OgolCromgog Zerg 

Build Orders: Pool First 

Get SALT Encoding   

  12  0:00  Drone  
  13  0:12  Overlord  
  13  0:16  Drone  
  14  0:30  Drone x2  
  14  0:34  Drone  
  17  0:38  Extractor  
  16  0:45  Drone  
  17  0:50  Spawning Pool  
  16  0:57  Drone  
  17  1:08  Drone  
  18  1:22  Drone  
  18  1:24  Hatchery  
  18  1:29  Drone  
  19  1:37  Queen  
  21  1:44  Metabolic Boost  
  21  1:50  Zergling x2  
  22  1:54  Overlord  
  22  2:04  Baneling Nest  
  21  2:09  Zergling x2  
  22  2:16  Zergling x2  
  22  2:22  Zergling x2  
  24  2:36  Zergling x4  
  26  2:43  Zergling x2  
  27  2:46  Queen  
  27  2:47  Queen  
  27  2:49  Zergling x2  
  27  2:50  Zergling x4  
  34  2:53  Zergling x2  
  34  2:56  Zergling x2  
  36  3:05  Baneling x5  
  36  3:08  Baneling  
  36  3:11  Overlord  
  36  3:31  Drone x6  
  40  3:44  Drone x4  
  42  3:54  Overlord  
  42  4:06  Hatchery  
  41  4:10  Drone x2  
  41  4:13  Drone  
  41  4:14  Drone  
  41  4:17  Drone  
  46  4:20  Drone  
  46  4:21  Drone  
  48  4:27  Drone x2  
  48  4:28  Drone  
  51  4:31  Overlord  
  51  4:41  Overlord  
  51  4:42  Overlord  
  51  4:50  Roach Warren  
  51  4:51  Drone  
  51  4:52  Lair  
  51  4:56  Overlord  
  51  5:11  Drone x5  
  51  5:12  Drone  
  51  5:13  Extractor  
  56  5:14  Overlord, Extractor  
  56  5:15  Overlord  
  55  5:24  Queen  
  55  5:28  Overlord  
  57  5:29  Roach x3  
  57  5:32  Roach  
  57  5:33  Roach  
  67  5:37  Roach  
  67  5:39  Roach  
  73  5:42  Roach  
  73  5:46  Roach  
  73  5:49  Overlord  
  75  5:53  Roach x2  
  75  5:55  Ravager  
  80  5:57  Zergling x4  
  80  6:00  Roach  
  84  6:07  Roach  
  84  6:08  Roach x2  
  84  6:09  Zergling x2  
  79  6:14  Zergling x2  
  79  6:15  Zergling x4  
  68  6:18  Roach  
  68  6:19  Roach  
  68  6:23  Zergling x6  
Show
View Real Time Build Order
Export as new Build Order

zuka Protoss - Winner!

Build Orders: 1 Gate Expand 

Get SALT Encoding   

  12  0:01  Probe  
  13  0:13  Probe  
  14  0:18  Pylon  
  14  0:25  Probe (Chrono Boost)  
  15  0:37  Probe (Chrono Boost)  
  15  0:39  Gateway  
  16  0:43  Probe  
  16  0:47  Assimilator  
  17  0:55  Probe (Chrono Boost)  
  18  1:07  Probe (Chrono Boost)  
  19  1:14  Probe (Chrono Boost)  
  20  1:27  Nexus  
  20  1:37  Cybernetics Core  
  20  1:39  Probe  
  21  1:44  Assimilator  
  21  1:51  Probe  
  21  1:53  Pylon  
  22  2:03  Probe  
  23  2:11  Stalker (Chrono Boost)  
  23  2:13  Warp Gate (Chrono Boost)  
  23  2:15  Probe  
  26  2:27  Probe  
  27  2:34  Sentry  
  27  2:35  Shield Battery  
  28  2:42  Gateway  
  28  2:52  Robotics Facility  
  28  2:56  Pylon  
  28  2:59  Probe  
  28  3:01  Probe  
  28  3:04  Sentry  
  32  3:11  Probe  
  33  3:13  Probe  
  34  3:22  Gateway  
  34  3:24  Probe  
  34  3:25  Probe  
  36  3:31  Shield Battery  
  36  3:36  Pylon  
  36  3:48  Immortal (Chrono Boost)  
  36  3:50  Sentry  
  36  3:53  Probe  
  36  3:54  Probe  
  44  4:05  Probe  
  44  4:07  Probe  
  46  4:15  Pylon  
  47  4:17  Probe  
  47  4:20  Immortal (Chrono Boost)  
  47  4:24  Assimilator  
  52  4:28  Stalker  
  53  4:32  Probe x2  
  55  4:44  Probe  
  56  4:46  Probe  
  56  4:49  Warp Prism (Chrono Boost)  
  56  4:50  Stalker  
  56  4:52  Stalker  
  63  4:56  Probe  
  64  5:00  Probe  
  64  5:04  Pylon  
  65  5:09  Stalker  
  67  5:24  Stalker x2  
  71  5:35  Pylon  
  71  5:37  Probe  
  72  5:46  Stalker, Nexus  
  72  5:47  Stalker x2  
  78  5:53  Pylon  
  74  6:15  Stalker x3  
  80  6:23  Probe x2  
  76  6:36  Gateway  
  76  6:37  Gateway  
  82  6:40  Gateway  
  82  6:42  Forge  
Tags
 
Add a new tag
Caveats
  • Supply blocks, unpowered buildings, or Contaminate may cause inaccurate times.
  • Supply counts are checked every 10 seconds.